 Dungeon Crawl Stone Soup version 0.27.0-1-g7a089689b8 (webtiles) character file.

Game seed: 8922374010428424414

86 EnegeticOcto the Covered (level 4, -2/40 HPs)
             Began as a Minotaur Fighter on Aug 8, 2021.
             Slain by a gnoll (9 damage)
             ... on level 2 of the Dungeon.
             The game lasted 00:00:25 (1043 turns).

EnegeticOcto the Covered (Minotaur Fighter)         Turns: 1043, Time: 00:00:25

Health: -2/40      AC:  7    Str: 21    XL:     4   Next: 26%
Magic:  3/3        EV:  7    Int:  5    God:
Gold:   40         SH:  9    Dex: 10    Spells: 3/3 levels left

rFire    . . .     SeeInvis .   a - +0 war axe
rCold    . . .     Faith    .   c - +0 kite shield
rNeg     . . .     Spirit   .   b - +0 scale mail
rPois    .         Reflect  .   (helmet restricted)
rElec    .         Harm     .   (no cloak)
rCorr    .         Rampage  .   (no gloves)
Will     .....                  (no boots)
Stlth    ..........             (no amulet)
HPRegen  0.13/turn              (no ring)
MPRegen  0.08/turn              (no ring)

@: no status effects
A: horns 2, retaliatory headbutt
a: no special abilities


You were on level 2 of the Dungeon.
You visited 1 branch of the dungeon, and saw 2 of its levels.

You collected 40 gold pieces.

Inventory:

Hand Weapons
 a - a +0 war axe (weapon)
Armour
 b - a +0 scale mail (worn)
 c - a +0 kite shield (worn)
Scrolls
 e - a scroll of silence {unknown}
 f - a scroll of teleportation {unknown}
 g - a scroll of holy word {unknown}
 h - a scroll of enchant weapon {unknown}
Potions
 d - a potion of might {@q3}


   Skills:
 + Level 4.2 Fighting
 * Level 3.9 Axes
 + Level 4.2 Armour
 + Level 4.2 Shields


You had 3 spell levels left.
You didn't know any spells.
Your spell library was empty.

Dungeon Overview and Level Annotations

Branches:
Dungeon (2/15)

Altars:


Innate Abilities, Weirdness & Mutations

You have a pair of horns on your head.
You reflexively headbutt those who attack you in melee.


Message History

An adder is nearby!
An adder is nearby!
An adder is nearby!
An adder is nearby!
You closely miss the adder. You block the adder's attack. The adder bites you.
You hit the adder but do no damage. You block the adder's attack.
The adder barely misses you. You furiously retaliate!
You headbutt the adder. You barely miss the adder.
The adder is heavily wounded.
The adder barely misses you. You block the adder's attack.
You closely miss the adder.
The adder is heavily wounded.
You block the adder's attack. The adder bites you.
You miss the adder. Your headbutt misses the adder.
The adder is heavily wounded.
The adder bites you but does no damage. You block the adder's attack.
You closely miss the adder. You headbutt the adder.
The adder is severely wounded.
The adder bites you but does no damage. You block the adder's attack.
An adder is nearby!
An adder is nearby!
An adder is nearby!
An adder is nearby!
An adder is nearby!
An adder is nearby!
You closely miss the adder.
The adder is severely wounded.
The adder bites you. You block the adder's attack.
You barely miss the adder.
The adder is severely wounded.
You block the adder's attack. x2
You barely miss the adder.
The adder is severely wounded.
The adder bites you but does no damage. x2
You hit the adder.
You kill the adder!
No target in view!
HP restored.
A goblin comes into view. It is wielding a +0 club.
The goblin shouts!
A goblin is nearby!
A goblin is nearby!
A goblin is nearby!
A goblin is nearby!
A goblin is nearby!
A goblin is nearby!
You block the goblin's attack.
You hit the goblin. You headbutt the goblin.
You kill the goblin!
No target in view!
No target in view!
No target in view!
No target in view!
No target in view!
No target in view!
Found a stone staircase leading up.
You see here a +0 club.
A gnoll comes into view. It is wielding a +0 club.
The gnoll shouts!
You hear a shout!
A gnoll comes into view. It is wielding a +0 club.
The gnoll moves out of view.
A gnoll is nearby!
A gnoll is nearby!
A gnoll is nearby!
A gnoll comes into view. It is wielding a +0 flail.
The gnoll shouts! x2
A gnoll comes into view. It is wielding a +0 flail.
The gnoll shouts!
The gnoll hits you with a +0 club.
You hit the gnoll but do no damage. You headbutt the gnoll!
The gnoll is almost dead.
You slash the gnoll! You block the gnoll's attack.
The gnoll hits you but does no damage.
You hit the gnoll but do no damage. You headbutt the gnoll.
You kill the gnoll!
You hit the gnoll. x2; The gnoll hits you but does no damage.
You block the gnoll's attack.
You slash the gnoll!
You kill the gnoll!
You barely miss the gnoll. You slash the gnoll!
The gnoll hits you but does no damage. You block the gnoll's attack.
The gnoll hits you with a +0 flail! The gnoll hits you with a +0 flail.
You have reached level 4!
You feel agile. You block the gnoll's attack.
You slash the gnoll!
You kill the gnoll!
You block the gnoll's attack.
Things that are here:
a +0 flail; a gnoll corpse You barely miss the gnoll.
The gnoll hits you with a +0 flail!
* * * LOW HITPOINT WARNING * * *
You block the gnoll's attack.
You slash the gnoll!
The gnoll is almost dead.
The gnoll barely misses you.
You barely miss the gnoll.
The gnoll is almost dead.
You block the gnoll's attack. The gnoll hits you with a +0 flail!
You die...

## #.....# .
.......
#.#.....# #
.#.....#.# ..<
..#.# #.# #...
##.###.###.#...
#..@g...)......
#..####.)..##.#
#..# #........
#..# ##......#
#.)# ####..#
#..# .# #..# #
#. ####..# #.#
###.....#


You could see a gnoll.

Vanquished Creatures
  3 gnolls (D:2)
  An adder (D:2)
  2 dart slugs (D:1)
  A bat (D:1)
  6 endoplasms (D:1)
  4 giant cockroaches
  4 hobgoblins (D:1)
  4 jackals (D:1)
  2 quokkas (D:1)
  3 ball pythons (D:1)
  A frilled lizard (D:1)
  4 goblins
  3 kobolds (D:1)
  A rat (D:1)
39 creatures vanquished.

Notes
Turn   | Place    | Note
-------+----------+-------------------------------------------
     0 | D:1      | EnegeticOcto the Minotaur Fighter began the quest for the
                  | Orb.
     0 | D:1      | Reached XP level 1. HP: 19/19 MP: 0/0
    94 | D:1      | Reached XP level 2. HP: 27/27 MP: 1/1
   504 | D:1      | Reached XP level 3. HP: 33/33 MP: 2/2
  1034 | D:2      | Reached XP level 4. HP: 13/40 MP: 3/3
  1043 | D:2      | Slain by a gnoll

Illustrated notes

Levels and vault maps discovered:
D:1:      lightli_arrival_chessboard, layout_basic, serial_curves,
          eino_curves_01, eino_curves_01
D:2:      layout_basic

Skill      XL: |  1  2  3 |
---------------+----------+-----
Axes           | 3 |  3.9
Armour         | 4 |  4.2
Fighting       | 4 |  4.2
Shields        | 4 |  4.2

Action                   |  1- 3 |  4- 6 || total
-------------------------+-------+-------++-------
Melee: War axe           |    81 |     4 ||    85
       Headbutt          |    11 |       ||    11
Armor: Scale mail        |    36 |       ||    36
Dodge: Dodged            |    24 |     1 ||    25
Block: Kite shield       |    53 |     4 ||    57
